[Event "Superfinal 65th RUS-ch"]
[Site "Moscow"]
[Date "2012.08.11"]
[Round "8"]
[White "Sjugirov, Sanan"]
[Black "Grischuk, Alexander"]
[Result "1/2-1/2"]
[ECO "E92"]
[WhiteElo "2625"]
[BlackElo "2763"]
[PlyCount "80"]
[EventDate "2012.??.??"]
[EventCountry "RUS"]
[TimeControl "40/5400+30:1800+30"]

1. d4 Nf6 2. c4 g6 3. Nc3 Bg7 4. e4 d6 5. Be2 O-O 6. Nf3 e5 7. Be3 exd4 8. Nxd4
Re8 9. f3 c6 10. Bf2 d5 11. exd5 cxd5 12. c5 Nbd7 13. c6 Ne5 14. cxb7 Bxb7 15.
O-O Nc4 16. Bxc4 dxc4 17. Ndb5 Nd5 18. Nxd5 Bxd5 19. Bd4 Bh6 20. Re1 Qg5 21.
Rxe8+ Rxe8 22. Nxa7 Ba8 23. Bf2 Bg7 24. Qc1 h6 25. Qxg5 hxg5 26. Rc1 Bd5 27. b3
cxb3 28. axb3 Bxb3 29. Rc8 Rxc8 30. Nxc8 Be6 31. Ne7+ Kf8 32. Nc6 g4 33. f4 Ke8
34. Bd4 Bd7 35. Bxg7 Bxc6 36. Bc3 Ba8 37. Bg7 Bc6 38. Bc3 Ba8 39. Bg7 Bc6 40.
Bc3 Ba8 1/2-1/2

[Event "Superfinal 65th RUS-ch"]
[Site "Moscow"]
[Date "2012.08.11"]
[Round "8"]
[White "Svidler, Peter"]
[Black "Vitiugov, Nikita"]
[Result "1/2-1/2"]
[ECO "C02"]
[WhiteElo "2749"]
[BlackElo "2705"]
[PlyCount "59"]
[EventDate "2012.??.??"]
[EventCountry "RUS"]
[TimeControl "40/5400+30:1800+30"]

1. e4 e6 2. d4 d5 3. e5 c5 4. c3 Qb6 5. Nf3 Nc6 6. a3 Nge7 7. dxc5 Qc7 8. Bb5
Bd7 9. Qe2 f6 10. exf6 gxf6 11. Nbd2 O-O-O 12. c4 Rg8 13. g3 e5 14. cxd5 Nxd5
15. Nb3 Bg4 16. Qc2 Nf4 17. Nbd2 Rxd2 18. Nxd2 Nd4 19. Qa4 Bxc5 20. gxf4 exf4
21. Ne4 Nf3+ 22. Kf1 Bh3+ 23. Ke2 Nd4+ 24. Ke1 Bg2 25. Qc4 Rd8 26. Nxc5 Nf3+
27. Ke2 Nd4+ 28. Ke1 Nf3+ 29. Ke2 Nd4+ 30. Ke1 1/2-1/2

[Event "Superfinal 65th RUS-ch"]
[Site "Moscow"]
[Date "2012.08.11"]
[Round "8"]
[White "Jakovenko, Dmitry"]
[Black "Potkin, Vladimir"]
[Result "1/2-1/2"]
[ECO "E11"]
[WhiteElo "2722"]
[BlackElo "2651"]
[PlyCount "86"]
[EventDate "2012.??.??"]
[EventCountry "RUS"]
[TimeControl "40/5400+30:1800+30"]

1. d4 Nf6 2. c4 e6 3. Nf3 Bb4+ 4. Bd2 a5 5. Nc3 b6 6. e3 Bb7 7. Bd3 d5 8. O-O
O-O 9. a3 Be7 10. cxd5 exd5 11. Ne5 c5 12. Bb5 Qc7 13. f4 Nc6 14. Rc1 Na7 15.
Be2 Nc8 16. Be1 Nd6 17. Bh4 Nde4 18. Bxf6 Nxf6 19. Bd3 Ba6 20. Bxa6 Rxa6 21.
Qb3 Qb7 22. Qb5 Rc8 23. Na4 c4 24. Rc2 Ne4 25. Nc3 Nxc3 26. bxc3 f6 27. Nf3
Bxa3 28. Ra1 Bf8 29. Rb2 Rb8 30. e4 dxe4 31. Nd2 a4 32. Qxc4+ Kh8 33. Rxa4 Rxa4
34. Qxa4 b5 35. Qc2 f5 36. Nf1 Qc7 37. Qd2 g6 38. Ng3 Qc4 39. Ne2 Ba3 40. Rb1
Bd6 41. Ra1 b4 42. cxb4 Bxb4 43. Qa2 Qxa2 1/2-1/2

[Event "Superfinal 65th RUS-ch"]
[Site "Moscow"]
[Date "2012.08.11"]
[Round "8"]
[White "Alekseev, Evgeny"]
[Black "Dubov, Daniil"]
[Result "1/2-1/2"]
[ECO "B61"]
[WhiteElo "2673"]
[BlackElo "2594"]
[PlyCount "81"]
[EventDate "2012.??.??"]
[EventCountry "RUS"]
[TimeControl "40/5400+30:1800+30"]

1. e4 c5 2. Nf3 d6 3. d4 cxd4 4. Nxd4 Nf6 5. Nc3 Nc6 6. Bg5 Bd7 7. Qd2 h6 8.
Bxf6 gxf6 9. f4 Nxd4 10. Qxd4 Qa5 11. O-O-O Rc8 12. f5 Qc5 13. Qd3 h5 14. Kb1
Bh6 15. g3 h4 16. Nd5 Bg5 17. Be2 Kf8 18. c3 Ba4 19. Rdf1 a6 20. Qf3 Bc6 21.
Rd1 Bxd5 22. exd5 hxg3 23. hxg3 Kg7 24. Qe4 Rxh1 25. Rxh1 Qf2 26. g4 Rc7 27.
Qf3 Qxf3 28. Bxf3 Bf4 29. Kc2 Be5 30. a3 Rc8 31. Be2 Bf4 32. b4 Ra8 33. Kb3 a5
34. a4 Be3 35. Bb5 Bb6 36. Re1 Kf8 37. Re4 Rc8 38. Rc4 Rd8 39. Re4 Rc8 40. Re1
Rc7 41. Re4 1/2-1/2

[Event "Superfinal 65th RUS-ch"]
[Site "Moscow"]
[Date "2012.08.12"]
[Round "9"]
[White "Grischuk, Alexander"]
[Black "Svidler, Peter"]
[Result "0-1"]
[ECO "C84"]
[WhiteElo "2763"]
[BlackElo "2749"]
[PlyCount "100"]
[EventDate "2012.??.??"]
[EventCountry "RUS"]
[TimeControl "40/5400+30:1800+30"]

1. e4 e5 2. Nf3 Nc6 3. Bb5 a6 4. Ba4 Nf6 5. O-O Be7 6. d3 d6 7. c3 O-O 8. Re1
b5 9. Bc2 d5 10. Nbd2 dxe4 11. dxe4 Be6 12. Qe2 Qc8 13. a4 Qb7 14. Bd3 Rab8 15.
b4 Bd6 16. Ra3 Rfd8 17. Nb3 Nxb4 18. cxb4 Bxb4 19. Nbd2 c5 20. axb5 axb5 21.
Ra1 c4 22. Bc2 Qc7 23. Rd1 Bc5 24. Ra6 Qc8 25. Ra5 Ng4 26. Rf1 c3 27. Nb3 Bc4
28. Qe1 Bb6 29. h3 Bxf1 30. Kxf1 Bxa5 31. hxg4 Qc4+ 32. Kg1 Bc7 33. Bg5 Rd7 34.
Be3 Bd6 35. Qa1 Qc6 36. g5 Ra8 37. Qb1 b4 38. g3 Rdd8 39. Kg2 Qa6 40. Qh1 Qa2
41. Ne1 Ra3 42. Nc1 Qe6 43. f4 exf4 44. e5 fxe3 45. Qxh7+ Kf8 46. exd6 Rxd6 47.
Ned3 b3 48. Nf4 Rd2+ 49. Kh1 Qc6+ 50. Be4 Ra1 0-1

[Event "Superfinal 65th RUS-ch"]
[Site "Moscow"]
[Date "2012.08.12"]
[Round "9"]
[White "Vitiugov, Nikita"]
[Black "Jakovenko, Dmitry"]
[Result "1/2-1/2"]
[ECO "D31"]
[WhiteElo "2705"]
[BlackElo "2722"]
[PlyCount "59"]
[EventDate "2012.??.??"]
[EventCountry "RUS"]
[TimeControl "40/5400+30:1800+30"]

1. d4 d5 2. c4 c6 3. Nf3 Nf6 4. Nc3 dxc4 5. a4 e6 6. e4 Bb4 7. e5 Nd5 8. Bd2 b5
9. axb5 Bxc3 10. bxc3 cxb5 11. Ng5 Nc6 12. Qh5 Qe7 13. Be2 b4 14. O-O bxc3 15.
Bc1 Nxd4 16. Bxc4 h6 17. Ne4 O-O 18. Ba3 Qc7 19. Bxf8 Nf4 20. Qg4 Kxf8 21. Nd6
g5 22. g3 Bb7 23. Nxb7 h5 24. Qd1 Qxb7 25. gxf4 Nf3+ 26. Kh1 Nd2+ 27. Kg1 Nf3+
28. Kh1 Nd2+ 29. Kg1 Nf3+ 30. Kh1 1/2-1/2

[Event "Superfinal 65th RUS-ch"]
[Site "Moscow"]
[Date "2012.08.12"]
[Round "9"]
[White "Dubov, Daniil"]
[Black "Andreikin, Dmitry"]
[Result "1/2-1/2"]
[ECO "E46"]
[WhiteElo "2594"]
[BlackElo "2715"]
[PlyCount "63"]
[EventDate "2012.??.??"]
[EventCountry "RUS"]
[TimeControl "40/5400+30:1800+30"]

1. d4 Nf6 2. c4 e6 3. Nc3 Bb4 4. e3 O-O 5. Nge2 c6 6. a3 Ba5 7. Ng3 d5 8. cxd5
exd5 9. Bd3 Re8 10. O-O Nbd7 11. Bd2 Bc7 12. Qc2 Nf8 13. f3 h5 14. Rf2 h4 15.
Nge2 Ne6 16. Rd1 a6 17. Bc1 Qd6 18. g3 c5 19. dxc5 Nxc5 20. Nf4 hxg3 21. hxg3
Re5 22. Bc4 Be6 23. e4 Rg5 24. Nfe2 Rxg3+ 25. Nxg3 Qxg3+ 26. Rg2 Qxf3 27. Rf2
Qg3+ 28. Rg2 Qf3 29. Rf2 Qg3+ 30. Rg2 Qf3 31. Rf2 Qg3+ 32. Rg2 1/2-1/2

[Event "Superfinal 65th RUS-ch"]
[Site "Moscow"]
[Date "2012.08.12"]
[Round "9"]
[White "Potkin, Vladimir"]
[Black "Alekseev, Evgeny"]
[Result "1/2-1/2"]
[ECO "E54"]
[WhiteElo "2651"]
[BlackElo "2673"]
[PlyCount "93"]
[EventDate "2012.??.??"]
[EventCountry "RUS"]
[TimeControl "40/5400+30:1800+30"]

1. d4 Nf6 2. c4 e6 3. Nc3 Bb4 4. e3 O-O 5. Bd3 d5 6. Nf3 c5 7. O-O cxd4 8. exd4
dxc4 9. Bxc4 b6 10. Bg5 Bb7 11. Rc1 Nc6 12. a3 Bxc3 13. Rxc3 Rc8 14. Qd3 Ne7
15. Bxf6 gxf6 16. Ba6 Rxc3 17. bxc3 Ba8 18. c4 Bxf3 19. Qxf3 Qxd4 20. Rd1 Qb2
21. h4 f5 22. h5 Kh8 23. Qf4 Ng8 24. Qd6 Qg7 25. c5 bxc5 26. Qxc5 Nf6 27. Be2
Rg8 28. Qc6 e5 29. Rd3 Ne4 30. Bf1 Ng5 31. h6 Qg6 32. Qxg6 hxg6 33. Rd7 Rc8 34.
Rxa7 Kh7 35. a4 Kxh6 36. a5 Rc1 37. a6 Ra1 38. Rd7 e4 39. a7 f4 40. Kh2 e3 41.
fxe3 fxe3 42. Re7 f5 43. Be2 Ne4 44. Bf3 Kg5 45. Bxe4 fxe4 46. Rxe4 Rxa7 47.
Rxe3 1/2-1/2

[Event "Superfinal 65th RUS-ch"]
[Site "Moscow"]
[Date "2012.08.12"]
[Round "9"]
[White "Karjakin, Sergey"]
[Black "Sjugirov, Sanan"]
[Result "1/2-1/2"]
[ECO "B12"]
[WhiteElo "2785"]
[BlackElo "2625"]
[PlyCount "83"]
[EventDate "2012.??.??"]
[EventCountry "RUS"]
[TimeControl "40/5400+30:1800+30"]

1. e4 c6 2. d4 d5 3. e5 Bf5 4. Nf3 e6 5. Be2 Nd7 6. O-O Bg6 7. a4 Ne7 8. a5 Nf5
9. c4 dxc4 10. Bxc4 b6 11. axb6 Nxb6 12. Bd3 Be7 13. Nc3 O-O 14. g4 Nh4 15.
Nxh4 Bxd3 16. Qxd3 Bxh4 17. Qe4 Be7 18. f4 c5 19. dxc5 Bxc5+ 20. Kg2 Re8 21.
Rf3 Qh4 22. Rg3 Red8 23. Ra5 Rac8 24. Rxa7 Nd5 25. Rb7 Nxc3 26. bxc3 Rd1 27.
Be3 Bxe3 28. Qxe3 Rcd8 29. Rb2 h6 30. Qe2 Qe7 31. Rb8 Qd7 32. Rxd8+ Qxd8 33.
Kh3 Qd5 34. Qf3 Qd8 35. Qe4 Qd2 36. g5 hxg5 37. fxg5 g6 38. Qa8+ Kg7 39. Qf3
Kg8 40. Qa8+ Kg7 41. Qf3 Kg8 42. Qa8+ 1/2-1/2